 Dungeon Crawl Stone Soup version 0.20.1-1-g8b1a95d66d (webtiles) character file.

56003 FreshCat the Blocker (level 14, 80/151 HPs)
             Began as a Deep Dwarf Necromancer on July 11, 2017.
             Was a High Priest of Makhleb.
             Quit the game on level 2 of the Lair of Beasts on Nov 24, 2017.
             The game lasted 07:08:55 (25277 turns).

FreshCat the Blocker (Deep Dwarf Necromancer)      Turns: 25277, Time: 07:08:55

Health: 80/151     AC: 21    Str: 16    XL:     14   Next: 40%
Magic:  1/1        EV: 25    Int: 16    God:    Makhleb [*****.]
Gold:   580        SH: 14    Dex: 19    Spells: 2/19 levels left

rFire    . . .     SeeInvis .   T - +6 mace (freeze) {Icecream}
rCold    . . .     Gourm    .   t - +2 buckler
rNeg     + . .     Faith    .   I - +5 scale mail {rPois}
rPois    +         Spirit   .   E - +1 helmet
rElec    .         Reflect  +   W - +0 cloak
rCorr    .         Harm     .   G - +0 pair of gloves
MR       +++..     Clarity  +   (no boots)
Stlth    ++........             K - +4 amulet of reflection
Regen    0.0/turn               S - +5 ring of dexterity
MPRegen  0.1/turn               V - ring of Phasing {EV+8}

@: non-regenerating
A: damage resistance, heal wounds, fangs 1, talons 1, slimy green scales 2,
clarity, deterioration 1, magic resistance 1, negative energy resistance 1,
sense surroundings 2, robust 2, sturdy frame 1, no regeneration
a: Heal Wounds, Minor Destruction, Lesser Servant of Makhleb, Major Destruction,
Greater Servant of Makhleb, Renounce Religion


You were on level 2 of the Lair of Beasts.
You worshipped Makhleb.
Makhleb was extremely pleased with you.
You were not hungry.

You visited 2 branches of the dungeon, and saw 21 of its levels.

You collected 1162 gold pieces.
You spent 582 gold pieces at shops.

Inventory:

Hand Weapons
 T - a +6 mace of freezing (weapon) {Icecream}
Missiles
 Z - 122 stones (quivered)
Armour
 t - a +2 buckler (worn)
 D - the +3 leather armour "Zouzi" {rCorr MP+9 Dex-2 SInv}
   (You bought it in a shop on level 12 of the Dungeon)

   It affects your dexterity (-2).
   It affects your magic capacity (+9).
   It lets you see invisible.
   It protects you from acid and corrosion.
 E - a +1 helmet (worn)
 G - a +0 pair of gloves (worn)
 I - a +5 scale mail of poison resistance (worn)
 W - a +0 cloak (worn)
Jewellery
 h - an uncursed ring of protection from cold
 K - a +4 amulet of reflection (around neck)
 N - an uncursed amulet of the gourmand
 S - a +5 ring of dexterity (left hand)
 V - the ring of Phasing (right hand) {EV+8}
   (You found it on level 10 of the Dungeon)

   [ring of evasion]

   It affects your evasion (+8).
Wands
 a - a wand of iceblast (7/15)
 v - a wand of acid (6/15)
 C - a wand of paralysis (13/24)
 F - a wand of clouds (2/9)
 L - a wand of confusion (33/48)
 X - a wand of lightning (10/15)
Scrolls
 g - a scroll of blinking
 j - 3 scrolls of fear
 l - 6 scrolls of remove curse
 m - 5 scrolls of fog
 A - 4 scrolls of amnesia
 P - a scroll of magic mapping
 R - 4 scrolls of teleportation
Potions
 i - a potion of brilliance
 q - a potion of haste
 H - a potion of invisibility
 U - a potion of cancellation
 Y - 2 potions of agility
Books
 b - a book of Necromancy

   Spells                             Type                      Level
   a - Pain                           Necromancy                   1
   b - Animate Skeleton               Necromancy                   1
   c - Vampiric Draining              Necromancy                   3
   d - Regeneration                   Charms/Necromancy            3
   e - Animate Dead                   Necromancy                   4
   f - Control Undead                 Necromancy                   4
 f - a book of Air

   Spells                             Type                      Level
   a - Shock                          Conjuration/Air              1
   b - Swiftness                      Charms/Air                   2
   c - Static Discharge               Conjuration/Air              3
   d - Airstrike                      Air                          4
   e - Lightning Bolt                 Conjuration/Air              5
 n - a book of Minor Magic

   Spells                             Type                      Level
   a - Magic Dart                     Conjuration                  1
   b - Blink                          Translocation                2
   c - Call Imp                       Summoning                    2
   d - Slow                           Hexes                        2
   e - Conjure Flame                  Conjuration/Fire             3
   f - Mephitic Cloud                 Conjuration/Poison/Air       3
 M - a book of Geomancy

   Spells                             Type                      Level
   a - Sandblast                      Earth                        1
   b - Passwall                       Transmutation/Earth          2
   c - Stone Arrow                    Conjuration/Earth            3
   d - Petrify                        Transmutation/Earth          4
   e - Lee's Rapid Deconstruction     Earth                        5
 Q - a book of Maledictions

   Spells                             Type                      Level
   a - Corona                         Hexes                        1
   b - Ensorcelled Hibernation        Hexes/Ice                    2
   c - Confuse                        Hexes                        3
   d - Tukima's Dance                 Hexes                        3
   e - Dazzling Spray                 Conjuration/Hexes            3
Miscellaneous
 o - a phial of floods
 p - 2 sacks of spiders
 y - a lightning rod (2/4)
Comestibles
 r - 3 bread rations
 u - 4 fruits
 x - 4 meat rations
 z - 2 royal jellies


   Skills:
 + Level 8.0 Fighting
 + Level 13.3 Maces & Flails
 + Level 0.6 Throwing
 + Level 8.7 Armour
 + Level 9.6 Dodging
 + Level 5.1 Stealth
 + Level 14.8 Shields
 + Level 3.1 Spellcasting
 + Level 5.9 Necromancy
 + Level 0.1 Air Magic
 + Level 6.1 Invocations
 + Level 3.1 Evocations


You had 2 spell levels left.
You knew the following spells:

 Your Spells              Type           Power        Failure   Level  Hunger
a - Pain                  Necr           ###.         3%          1    None
b - Animate Skeleton      Necr           N/A          3%          1    None
c - Vampiric Draining     Necr           ###.......   10%         3    ###....
d - Sandblast             Erth           #.....       36%         1    None
e - Passwall              Tmut/Erth      #.........   50%         2    ##.....
f - Magic Dart            Conj           #...         36%         1    None
g - Blink                 Tloc           N/A          50%         2    ##.....
h - Animate Dead          Necr           N/A          32%         4    ####...
i - Corona                Hex            #......      36%         1    None
j - Shock                 Conj/Air       #...         34%         1    None


Dungeon Overview and Level Annotations

Branches:
Dungeon (15/15)            Temple (0/1) D:7            Lair (6/6) D:9
  Swamp (0/4) Lair:4       Spider (0/4) Lair:3        Slime (0/5) Lair:6
    Orc (0/2) D:9          Vaults (0/5) D:14
 Depths: D:15

Altars:
Dithmenos
Elyvilon
Gozag
Kikubaaqudgha
Makhleb
Okawaru
Qazlal
Ru
Uskayaw
Vehumet
Xom
Zin
Beogh
Jiyva

Shops:
D:12 [

Annotations:
D:2 Robin
D:6 1 runed door, Grinder


Innate Abilities, Weirdness & Mutations

You are resistant to damage.
You can heal yourself by infusing magical energy.
You resist negative energy. (rN+)
You passively map the area around you.
You do not regenerate.
You have very sharp teeth.
You have sharp toenails.
You are mostly covered in slimy green scales. (AC +3)
You possess an exceptional clarity of mind.
Your body sometimes deteriorates upon taking damage.
You are resistant to hostile enchantments. (MR+)
You are very robust. (+20% HP)
Your movements are slightly less encumbered by armour. (ER -2)


Message History

Drop what? 48/52 slots (_ for help) (? for menu, Esc to quit)
You drop an uncursed ring of stealth.
Drop what? 47/52 slots (_ for help) (? for menu, Esc to quit)
You drop an uncursed ring of ice.
Drop what? 46/52 slots (_ for help) (? for menu, Esc to quit)
You drop a wand of acid (6/15).
v - a wand of acid (6/15) Drop what? 46/52 slots (_ for help) (? for menu, Esc to quit)
You drop a wand of acid (5/15).
Drop what? 45/52 slots (_ for help) (? for menu, Esc to quit)
You drop a wand of acid (6/15).
Drop what? 44/52 slots (_ for help) (? for menu, Esc to quit)
You drop a scroll of immolation.
Drop what? 43/52 slots (_ for help) (? for menu, Esc to quit)
Okay, then.
Save game and exit?
Welcome back, FreshCat the Deep Dwarf Necromancer.
Blood and souls for Makhleb!
Press ? for a list of commands and other information.
Are you sure you want to abandon this character and quit the game? (Confirm with "yes".)

.........................††......
.................................
.................................
.................................
####.....##.###.###....###.#####P
## ##....##..#.###......#P.P##*#.
.###.....##.......#....##.....,#.
....#....##./("==.#....#.......#P
..##.....##)//?.@................
<.###.....#............P#.......#
.##.#....P#......#......#........
.##....<..#########......###...##
.P.#.....#.#...###.....###.....##
.............>)#.................
.................................
............#...#................
............#...#.........#......


There were no monsters in sight!

Vanquished Creatures
  Nessos (D:13)
  The ghost of destino the Unseen, a journeyman SpEn of Gozag (D:13)
  Josephine (D:13)
  A vault guard (D:14)
  Fannar (Lair:3)
  7 hydras
  Erica (D:8)
  2 centaur warriors (D:14)
  4 two-headed ogres
  A death yak (Lair:6)
  A tengu warrior (D:14)
  A hell knight (D:9)
  An unseen horror (D:12)
  A lindwurm (Lair:6)
  2 ugly things (D:11)
  2 cyclopes
  The ghost of Giltor the Covert, a novice KoEn (D:5)
  6 elephants (Lair:6)
  2 black mambas
  Psyche (D:10)
  2 centaur zombies
  2 gargoyles
  9 spiny frogs
  A rime drake (Lair:1)
  2 centaur skeletons
  3 kobold demonologists (D:14)
  6 komodo dragons
  A hornet (D:9)
  A polar bear (shapeshifter) (D:14)
  4 trolls
  Prince Ribbit (Lair:2)
  7 hippogriffs
  6 dream sheep (Lair:6)
  12 blink frogs
  A spriggan (Lair:4)
  A water elemental (D:13)
  6 wraiths
  A shadow (D:10)
  2 wyverns
  10 yaks
  A basilisk (Lair:6)
  7 vampire mosquitoes
  4 hungry ghosts
  13 water moccasins
  A soldier ant (D:6)
  An acid dragon (D:12)
  The ghost of lotsofdiagrams the Magician, an amateur DEFE (D:3)
  8 porcupines
  16 orc warriors
  14 ice beasts
  7 black bears
  An eye of draining (D:14)
  2 phantoms
  4 sky beasts
  A necrophage (D:9)
  7 ogres
  6 wolves (Lair:6)
  11 centaurs
  10 crocodiles
  3 big kobolds
  16 bullfrogs
  A gnoll sergeant (D:9)
  A wyvern zombie (D:13)
  5 scorpions
  A water moccasin skeleton (D:12)
  15 wights
  9 killer bees
  5 crimson imps
  A bullfrog zombie (D:13)
  7 hounds
  11 orc priests
  5 jellies
  25 orc wizards
  A bullfrog skeleton (D:13)
  2 iguanas
  Ijyb (D:4)
  19 worker ants
  A hound skeleton (D:5)
  2 worker ant zombies
  6 gnolls
  A howler monkey skeleton (D:8)
  8 adders
  A shadow imp (D:8)
  An ooze (D:1)
  2 adder skeletons
  2 adder zombies
  A worm (D:4)
  10 leopard geckos
  62 orcs
  6 giant cockroaches
  6 goblins
  8 hobgoblins
  9 jackals
  A quokka (D:4)
  2 ball pythons
  6 bats
  5 frilled lizards
  A jackal skeleton (D:4)
  21 kobolds
  6 rats
  2 butterflies (D:6)
  A fungus (Lair:6)
  7 plants
537 creatures vanquished.

Vanquished Creatures (collateral kills)
  A hydra (D:11)
  A death knight (D:14)
  2 skeletal warriors (D:14)
  A manticore (D:13)
  A freezing wraith (D:14)
  A hippogriff (D:10)
  A wraith (D:14)
  A water elemental (D:13)
  2 hungry ghosts
  A basilisk (D:10)
  2 orc warriors
  2 phantoms
  2 bullfrogs (D:10)
  4 wights (D:10)
  A crimson imp (D:10)
  A worker ant (D:6)
  A worker ant zombie (D:11)
  An adder (D:10)
  2 orcs
  A fungus (D:9)
29 creatures vanquished.

Vanquished Creatures (others)
  A centaur warrior (D:14)
  A fire crab (Lair:6)
  A centaur (D:12)
  An orc priest (D:13)
  An orc (D:13)
  A kobold (D:11)
  44 fungi
  10 plants
60 creatures vanquished.

Grand Total: 626 creatures vanquished

Notes
Turn   | Place    | Note
-------+----------+-------------------------------------------
     0 | D:1      | FreshCat the Deep Dwarf Necromancer began the quest for the Orb.
     0 | D:1      | Reached XP level 1. HP: 15/15 MP: 3/3
   166 | D:1      | Reached XP level 2. HP: 22/22 MP: 0/4
   192 | D:1      | Learned a level 1 spell: Animate Skeleton
   391 | D:1      | Reached skill level 5 in Necromancy
   872 | D:2      | Found an ancient bone altar of Kikubaaqudgha.
   971 | D:2      | Noticed Robin
   981 | D:2      | Reached XP level 3. HP: 20/28 MP: 2/6
  1029 | D:1      | Reached skill level 1 in Maces & Flails
  1035 | D:1      | Learned a level 3 spell: Vampiric Draining
  1319 | D:2      | Found a white marble altar of Elyvilon.
  1381 | D:2      | You fall through a shaft for 2 floors!
  1599 | D:3      | Noticed lotsofdiagrams's ghost (amateur DEFE)
  1623 | D:3      | Killed lotsofdiagrams's ghost
  1623 | D:3      | Reached skill level 1 in Fighting
  1623 | D:3      | Reached skill level 1 in Armour
  1623 | D:3      | Reached XP level 4. HP: 16/38 MP: 7/7
  1623 | D:3      | Reached XP level 5. HP: 19/44 MP: 8/8
  2231 | D:3      | Found an iron altar of Okawaru.
  2235 | D:3      | Found a sacrificial altar of Ru.
  2242 | D:3      | Found a hide-covered altar of Uskayaw.
  2242 | D:3      | Found a burning altar of Makhleb.
  2269 | D:3      | Became a worshipper of Makhleb the Destroyer
  2660 | D:4      | Reached skill level 1 in Shields
  2663 | D:4      | Reached XP level 6. HP: 26/52 MP: 8/8
  2849 | D:4      | Found a radiant altar of Vehumet.
  2858 | D:4      | Noticed Ijyb
  2881 | D:4      | Killed Ijyb
  3134 | D:5      | Entered Level 5 of the Dungeon
  3140 | D:5      | Noticed Giltor's ghost (novice KoEn)
  3221 | D:5      | Killed Giltor's ghost
  3221 | D:5      | Reached skill level 2 in Shields
  3221 | D:5      | Reached XP level 7. HP: 52/61 MP: 8/8
  3466 | D:5      | Learned a level 1 spell: Sandblast
  3469 | D:5      | Learned a level 2 spell: Passwall
  3607 | D:5      | Reached * piety under Makhleb
  3607 | D:5      | Reached skill level 5 in Maces & Flails
  3614 | D:5      | Found a stormy altar of Qazlal.
  3870 | D:5      | Reached skill level 3 in Shields
  3946 | D:6      | Found a runed door.
  3963 | D:6      | Found a runed door.
  4072 | D:6      | Reached XP level 8. HP: 21/68 MP: 9/9
  4170 | D:6      | Reached skill level 4 in Shields
  4462 | D:6      | Reached skill level 1 in Evocations
  4479 | D:6      | Reached skill level 5 in Armour
  4571 | D:6      | Reached skill level 5 in Shields
  4766 | D:6      | Learned a level 1 spell: Magic Dart
  4770 | D:6      | Learned a level 2 spell: Blink
  5155 | D:7      | Gained mutation: You passively map the area around you. [Deep Dwarf growth]
  5155 | D:7      | Reached XP level 9. HP: 76/76 MP: 8/8
  5174 | D:7      | Found a flagged portal.
  5177 | D:7      | Found a burning altar of Makhleb.
  5243 | D:7      | Reached ** piety under Makhleb
  5404 | D:7      | Found a glowing silver altar of Zin.
  5615 | D:7      | Found a staircase to the Ecumenical Temple.
  5876 | D:7      | Found a shadowy altar of Dithmenos.
  5876 | D:7      | Found a shimmering altar of Xom.
  6012 | D:7      | Reached skill level 6 in Shields
  6160 | D:8      | Found an opulent altar of Gozag.
  7261 | D:8      | Reached skill level 7 in Shields
  7289 | D:8      | Noticed Erica
  7579 | D:8      | Reached skill level 1 in Invocations
  8007 | D:9      | Reached *** piety under Makhleb
  8126 | D:9      | Found a staircase to the Orcish Mines.
  8190 | D:9      | Reached XP level 10. HP: 86/86 MP: 7/7
  8366 | D:9      | Noticed a two-headed ogre
  8415 | D:9      | Killed a two-headed ogre
  8415 | D:9      | Reached skill level 5 in Dodging
  8572 | D:9      | Reached skill level 8 in Shields
  8602 | D:9      | Noticed a two-headed ogre
  8644 | D:9      | Killed a two-headed ogre
  8813 | D:9      | Found a staircase to the Lair.
 11425 | D:9      | Gained mutation: You are partially covered in slimy green scales. (AC +2) [potion of mutation]
 11425 | D:9      | Gained mutation: You possess an exceptional clarity of mind. [potion of mutation]
 11425 | D:9      | Gained mutation: You have very sharp teeth. [potion of mutation]
 11521 | D:10     | Entered Level 10 of the Dungeon
 11833 | D:10     | Gained mutation: You are mostly covered in slimy green scales. (AC +3) [mutagenic meat]
 11835 | D:10     | Gained mutation: You have sharp toenails. [mutagenic meat]
 11837 | D:10     | Gained mutation: You are resistant to hostile enchantments. (MR+) [mutagenic meat]
 12012 | D:10     | Reached skill level 9 in Shields
 12058 | D:10     | Reached skill level 5 in Fighting
 12346 | D:10     | Reached XP level 11. HP: 58/94 MP: 1/1
 12913 | D:11     | Found a roughly hewn altar of Beogh.
 13044 | D:9      | Found a roughly hewn altar of Beogh.
 13669 | D:8      | Killed Erica
 13880 | D:11     | Noticed Psyche
 13886 | D:10     | Killed Psyche
 13886 | D:10     | Reached skill level 10 in Shields
 14076 | D:11     | Reached **** piety under Makhleb
 14406 | D:11     | Noticed a white ugly thing
 14418 | D:11     | Killed a white ugly thing
 14418 | D:11     | Reached skill level 10 in Maces & Flails
 14418 | D:11     | Reached skill level 5 in Invocations
 14441 | D:11     | Learned a level 4 spell: Animate Dead
 14465 | D:11     | Gained mutation: You are robust. (+10% HP) [mutagenic meat]
 14468 | D:11     | Gained mutation: Your body sometimes deteriorates upon taking damage. [mutagenic meat]
 14469 | D:11     | Gained mutation: You are very robust. (+20% HP) [mutagenic meat]
 14573 | D:11     | Noticed an eight-headed hydra
 14584 | D:11     | Killed an eight-headed hydra
 14605 | D:11     | Reached ***** piety under Makhleb
 15004 | D:11     | Reached skill level 11 in Shields
 15058 | D:11     | Noticed a brown ugly thing
 15070 | D:11     | Killed a brown ugly thing
 15070 | D:11     | Reached XP level 12. HP: 124/124 MP: 1/1
 15097 | D:11     | Gained mutation: Your movements are slightly less encumbered by armour. (ER -2) [mutagenic meat]
 15277 | D:12     | Noticed a two-headed ogre
 15294 | D:12     | Killed a two-headed ogre
 15604 | D:12     | Found Biuts's Armour Emporium.
 15628 | D:12     | Bought the +3 leather armour "Zouzi" {rCorr MP+9 Dex-2 SInv} for 533 gold pieces
 15643 | D:12     | Bought a +0 cloak for 49 gold pieces
 16102 | D:13     | Noticed Nessos
 16109 | D:13     | Noticed destino's ghost (journeyman SpEn)
 16122 | D:13     | Killed Nessos
 16164 | D:13     | Killed destino's ghost
 16329 | D:13     | Noticed Josephine
 16347 | D:13     | Killed Josephine
 16347 | D:13     | Reached skill level 12 in Shields
 16450 | D:13     | Noticed an eight-headed hydra
 16473 | D:14     | Killed an eight-headed hydra
 16530 | D:14     | Learned a level 1 spell: Corona
 16562 | D:14     | Noticed a centaur warrior
 16562 | D:14     | Noticed a tengu warrior
 16566 | D:14     | Noticed a two-headed ogre
 16586 | D:14     | Killed a centaur warrior
 16609 | D:14     | Killed a two-headed ogre
 16635 | D:14     | Killed a tengu warrior
 16915 | D:13     | Found a shadowy altar of Dithmenos.
 16962 | D:13     | Reached XP level 13. HP: 99/136 MP: 1/1
 16969 | D:13     | Learned a level 1 spell: Shock
 17500 | D:14     | Reached skill level 13 in Shields
 17595 | D:15     | Entered Level 15 of the Dungeon
 17711 | D:14     | Found a gate to the Vaults.
 19042 | D:6      | Noticed Grinder
 19444 | Lair:1   | Entered Level 1 of the Lair of Beasts
 19538 | Lair:1   | Reached skill level 5 in Stealth
 19907 | Lair:1   | You fall through a shaft!
 19995 | Lair:1   | Found a sacrificial altar of Ru.
 20541 | Lair:2   | Noticed Prince Ribbit
 20594 | Lair:2   | Killed Prince Ribbit
 21153 | Lair:3   | Found a hole to the Spider Nest.
 21472 | Lair:3   | Noticed Fannar
 21498 | Lair:3   | Killed Fannar
 21505 | Lair:3   | Reached skill level 14 in Shields
 21975 | Lair:4   | Found a staircase to the Swamp.
 22782 | Lair:6   | Entered Level 6 of the Lair of Beasts
 22934 | Lair:5   | Gained mutation: You resist negative energy. (rN+) [Deep Dwarf growth]
 22934 | Lair:5   | Reached XP level 14. HP: 147/147 MP: 1/1
 23464 | Lair:6   | Found a viscous altar of Jiyva.
 23464 | Lair:6   | Found a staircase to the Slime Pits.
 24485 | Lair:6   | Reached ****** piety under Makhleb
 25277 | Lair:2   | Upgraded the game from 0.20.1-1-g8b1a95d to 0.20.1-1-g8b1a95d66d
 25277 | Lair:2   | Quit the game

Skill      XL: |  1  2  3  4  5  6  7  8  9 10 11 12 13 14 |
---------------+-------------------------------------------+-----
Necromancy     | 5 |  5.9
Spellcasting   | 2 3 |  3.1
Maces & Flails | 2 3 4 5 6 8 10 11 12 13 | 13.3
Fighting       | 1 2 3 4 5 6 7 8 |  8.0
Armour         | 1 2 3 4 5 6 7 8 |  8.7
Shields        | 1 2 3 5 7 9 11 12 14 | 14.8
Dodging        | 3 4 6 7 8 9 |  9.6
Evocations     | 1 2 3 |  3.1
Stealth        | 3 4 5 |  5.1
Invocations    | 1 4 5 6 |  6.1
Throwing       | |  0.6
Air Magic      | |  0.1

Action                   |  1- 3 |  4- 6 |  7- 9 | 10-12 | 13-15 || total
-------------------------+-------+-------+-------+-------+-------++-------
Melee: Unarmed           |    14 |       |       |       |       ||    14
       Club              |    33 |       |       |       |       ||    33
       Whip              |    93 |       |       |       |       ||    93
       Mace              |    61 |   306 |  1101 |  1277 |   914 ||  3659
       Kick              |       |       |       |   320 |   387 ||   707
       Flail             |       |       |       |    42 |       ||    42
       Bite              |       |       |       |   128 |   159 ||   287
 Fire: Blowgun           |       |     7 |       |       |       ||     7
Throw: Stone             |    10 |     1 |    51 |       |       ||    62
       Tomahawk          |       |       |       |       |     4 ||     4
 Cast: Pain              |    18 |       |     5 |    23 |     2 ||    48
       Vampiric Draining |       |       |       |     1 |     2 ||     3
       Magic Dart        |       |       |       |       |     3 ||     3
       Corona            |       |       |       |       |     1 ||     1
Invok: Minor Destruction |       |       |     8 |    31 |       ||    39
       Lesser Servant of |       |       |       |    15 |     5 ||    20
       Major Destruction |       |       |       |     1 |     3 ||     4
       Greater Servant o |       |       |       |       |     4 ||     4
 Abil: Heal Wounds       |     7 |     6 |    23 |    33 |     6 ||    75
       Evoke Flight      |       |       |     1 |       |       ||     1
Evoke: Wand              |       |       |    20 |    13 |     4 ||    37
       Phantom mirror    |       |       |       |     1 |       ||     1
       Lightning rod     |       |       |       |     1 |     1 ||     2
  Use: Scroll            |     6 |     3 |    13 |    15 |    12 ||    49
       Potion            |     1 |     1 |     7 |     9 |     4 ||    22
 Stab: Confused          |       |       |     7 |     3 |       ||    10
       Distracted        |       |       |       |     1 |     3 ||     4
       Sleeping          |       |       |       |     1 |       ||     1
  Eat: Chunk             |     1 |       |     1 |    24 |       ||    26
       Meat ration       |     1 |     1 |     1 |     4 |     2 ||     9
       Royal jelly       |       |     1 |       |       |     6 ||     7
       Bread ration      |       |       |     5 |     3 |       ||     8
       Fruit             |       |       |     2 |    11 |     5 ||    18
Armor: Robe              |     8 |       |       |       |       ||     8
       Chain mail        |   163 |   190 |   417 |       |       ||   770
       Ring mail         |       |       |    98 |   200 |       ||   298
       Scale mail        |       |       |       |    73 |    89 ||   162
       Leather armour    |       |       |       |    40 |     9 ||    49
       Skin              |       |       |       |     1 |       ||     1
Dodge: Dodged            |    77 |    61 |   260 |   671 |   501 ||  1570
Block: Shield            |     9 |   123 |   800 |  1140 |   420 ||  2492
       Reflection        |       |       |     2 |    36 |    10 ||    48
       Buckler           |       |       |       |       |   263 ||   263
